 Dungeon Crawl Stone Soup version 0.31-a0-700-gf13585253f (webtiles) character file.

Game seed: 715552297912883967

1486 Iich the Ruffian (level 8, -2/63 (78) HPs)
             Began as a Troll Shapeshifter on Sept 7, 2023.
             Slain by a wight
             ... wielding a +0 long sword
              (4 damage)
             ... on level 6 of the Dungeon.
             The game lasted 00:09:05 (3665 turns).

Iich the Ruffian (Troll Shapeshifter)               Turns: 3665, Time: 00:09:05

HP:   -2/63 (78)    AC:  4    Str: 25    XL:     8   Next: 50%
MP:   7/7           EV: 10    Int:  6    God:
Gold: 365           SH:  0    Dex:  9    Spells: 7/7 levels left

rFire   + .          .
                       - Unarmed
rCold   . . .        (no shield)
rNeg    . . .        a - +0 animal skin
rPois   .            (helmet currently unavailable)
rElec   .            (cloak currently unavailable)
rCorr   .            (gloves unavailable)
SInv    .            (boots unavailable)
Will    .....        r - amulet of regeneration
Stlth   +            (no ring)
HPRegen 1.90/turn    (no ring)
MPRegen 0.10/turn

%: no passive effects
@: beast-form, heavily drained
A: beast (slay +3), large, unfitting armour, claws 3, regeneration 1, shaggy fur
1, tough skin 1, fire resistance 1, inability to read after injury 1
a: Begin Untransformation


You were on level 6 of the Dungeon.
You were a hulking beast.
You visited 1 branch of the dungeon, and saw 6 of its levels.

You collected 365 gold pieces.

Inventory:

Armour
 a - a +0 animal skin (worn)
Jewellery
 j - a ring of ice
 r - an amulet of regeneration (around neck)
 v - a +6 ring of intelligence
Talismans
 c - a beast talisman (active)
 d - a flux talisman
Wands
 s - a wand of iceblast (11)
 w - a wand of paralysis (8)
Scrolls
 e - a scroll of immolation
 f - a scroll of teleportation {unknown}
 g - a scroll of fog
 k - 2 scrolls of enchant armour
 m - a scroll of torment
 p - a scroll of enchant weapon
 q - a scroll of poison
 t - a scroll of vulnerability {unknown}
 u - a scroll of amnesia {unknown}
Potions
 b - 2 potions of lignification
 h - a potion of mutation
 i - a potion of enlightenment {unknown}
 l - a potion of might {unknown}
 n - a potion of magic {unknown}
 o - a potion of brilliance


   Skills:
 + Level 3.8 Fighting
 + Level 3.7 Armour
 + Level 4.2 Dodging
 + Level 5.5 Unarmed Combat
 + Level 5.2 Shapeshifting


You had 7 spell levels left.
You didn't know any spells.
Your spell library contained the following spells:

 Spells                   Type           Power      Damage    Failure   Level
 Apportation              Tloc           0%         N/A       45%         1
 Summon Small Mammal      Summ           0%         N/A       45%         1
 Jinxbite                 Hex            0%         N/A       58%         2
 Call Canine Familiar     Summ           0%         N/A       83%         3
 Summon Guardian Golem    Hex/Summ       0%         N/A       83%         3
 Alistair's Intoxication  Tmut/Pois      0%         N/A       100%        5
 Orb of Destruction       Conj           0%         9d5       100%        7
 Spellforged Servitor     Conj/Summ      0%         N/A       100%        7


Dungeon Overview and Level Annotations

Branches:
Dungeon (6/15)
 Temple: D:4-7

Altars:
Fedhas
Qazlal

Shops:
D:3 =


Innate Abilities, Weirdness & Mutations

You are a hulking beast.
Your limbs bulge with bestial killing power. (Slay +3)
You are too large for most types of armour.
You have claws for hands.
Your natural rate of healing is unusually fast.
You are covered in fur. (AC +1)
You have tough skin. (AC +1)
Your flesh is heat resistant. (rF+)
You occasionally lose the ability to read scrolls when taking damage.


Message History

You take 13 damage, and have 57/70 hp.
You scratch the wight.
The wight is moderately damaged.
The wight hits you with a +0 halberd.
The wight hits you with a +0 long sword.
You take 3 damage, and have 54/70 hp.
You closely miss the wight. You claw the wight, but do no damage.
The wight is moderately damaged.
The wight hits you with a +0 halberd! The wight completely misses you.
You take 10 damage, and have 44/70 hp.
You are too injured to fight recklessly!
You are too injured to fight recklessly!
The wight closely misses you.
You regained 2 hp, and now have 46/70 hp.
The wight attacks as it pursues you! The wight barely misses you.
You regained 2 hp, and now have 48/70 hp.
The wight attacks as it pursues you!
The wight hits you from afar with a +0 halberd!
You feel drained.
You take 10 damage, and have 38/67 hp.
You scratch the wight but do no damage.
The wight is moderately damaged.
The wight hits you from afar with a +0 halberd!
* * * LOW HITPOINT WARNING * * *
You feel drained.
* * * LOW HITPOINT WARNING * * *
The wight hits you with a +0 long sword.
* * * LOW HITPOINT WARNING * * *
You take 17 damage, and have 21/65 hp. !!!!--MASSIVE DAMAGE--!!!!
Aiming: Iceblast
Press: ? - help, Q - select action, (/) - cycle Shift-Dir - straight line The mass of ice explodes!
The iceblast engulfs the wight!
The wight partially resists.
The wight is heavily damaged.
The wight hits you from afar with a +0 halberd!
* * * LOW HITPOINT WARNING * * *
The wight hits you with a +0 long sword!
* * * LOW HITPOINT WARNING * * *
You feel drained.
You die...

############## ###
#............##### #..
#.....†..........# #.#
####.####........##.# #.#
..........#####.)##.###.#
####.##########..##.#.#.# # #.#
#.........#..#####.# ## #.#
#.##.h##.###.......# .#
#.#######....z....#..####### .#
#.............z..#.#.# .#
#########........#.#.####### .#
#....z...#.#........ .#
#........#....###### .###
#........#.#.........#
...#########........#..#.######.#
..............#.###.#.#.## #.#


You could see 3 wights.

Vanquished Creatures
  Jeremiah (D:6)
  A water moccasin (D:5)
  A black bear (D:6)
  An ice beast (D:5)
  6 wights (D:6)
  2 howler monkeys (D:6)
  A jelly (D:4)
  2 hounds
  An orc priest (D:4)
  Jessica (D:2)
  2 sleepcaps (D:6)
  Terence (D:2)
  3 iguanas (D:5)
  Robin (D:3)
  5 gnolls
  4 adders
  A shadow imp (D:6)
  A white imp (D:6)
  An ufetubus (D:5)
  3 worms
  A dart slug (D:2)
  11 orcs
  6 ball pythons
  7 bats
  2 endoplasms
  5 giant cockroaches
  16 goblins
  12 hobgoblins
  6 kobolds
  4 quokkas
  3 frilled lizards
  6 rats
118 creatures vanquished.

Notes
Turn   | Place    | Note
-------+----------+-------------------------------------------
     0 | D:1      | Iich the Troll Shapeshifter began the quest for the Orb.
     0 | D:1      | Reached XP level 1. HP: 18/18 MP: 0/0
    38 | D:1      | Reached skill level 1 in Fighting
    39 | D:1      | Reached XP level 2. HP: 27/27 MP: 1/1
   231 | D:1      | Reached XP level 3. HP: 33/33 MP: 2/2
   387 | D:1      | Reached skill level 1 in Armour
   544 | D:2      | Noticed Jessica
   557 | D:2      | Killed Jessica
   558 | D:2      | Reached XP level 4. HP: 24/41 MP: 3/3
   612 | D:2      | Noticed Terence
   619 | D:2      | Killed Terence
   976 | D:2      | Reached XP level 5. HP: 47/49 MP: 4/4
  1258 | D:3      | Noticed Robin
  1282 | D:3      | Killed Robin
  1296 | D:3      | Found Onistrak's Jewellery Shoppe.
  2116 | D:4      | Reached XP level 6. HP: 38/57 MP: 5/5
  2142 | D:4      | Found a stormy altar of Qazlal.
  2142 | D:4      | Found a blossoming altar of Fedhas.
  2448 | D:5      | Entered Level 5 of the Dungeon
  2531 | D:5      | Noticed an ice beast
  2541 | D:5      | Killed an ice beast
  2701 | D:5      | Noticed a water moccasin
  2712 | D:5      | Killed a water moccasin
  2713 | D:5      | Reached XP level 7. HP: 42/66 MP: 6/6
  2780 | D:5      | Gained mutation: You occasionally lose the ability to read
                  | scrolls when taking damage. [potion of mutation]
  2780 | D:5      | Gained mutation: Your flesh is heat resistant. (rF+)
                  | [potion of mutation]
  3071 | D:6      | Noticed Jeremiah
  3132 | D:6      | Killed Jeremiah
  3133 | D:6      | Reached skill level 5 in Unarmed Combat
  3133 | D:6      | Reached XP level 8. HP: 29/75 MP: 7/7
  3368 | D:6      | Reached skill level 5 in Shapeshifting
  3665 | D:6      | HP: 2/65 [wight/+0 long sword (8)]
  3665 | D:6      | Slain by a wight

Illustrated notes

Levels and vault maps discovered:
D:1:      minmay_arrival_up_and_down, layout_basic
D:2:      layout_loops_ring, uniq_terence, uniq_jessica
D:3:      layout_basic, serial_shops, nicolae_shop_hallway_stairs,
          chequers_serial_rivers_large_b, grunt_decor_clamped, uniq_robin
D:4:      layout_rooms, grunt_temple_overflow_forces_of_nature
D:5:      layout_rooms
D:6:      layout_loops_ring, minmay_door_square, uniq_jeremiah

Skill      XL: |  1  2  3  4  5  6  7  8 |
---------------+-------------------------+-----
Fighting       | 1 2 3 |  3.8
Armour         | 1 2 3 |  3.7
Dodging        | 2 3 4 |  4.2
Unarmed Combat | 4 5 |  5.5
Shapeshifting  | 4 5 |  5.2

Action                     |  1- 3 |  4- 6 |  7- 9 || total
---------------------------+-------+-------+-------++-------
  Melee: Unarmed           |    55 |   163 |   108 ||   326
         Punch             |     1 |     4 |     3 ||     8
  Evoke: Wand              |       |     1 |     3 ||     4
    Use: Scroll            |       |     5 |     1 ||     6
         Potion            |       |     2 |     3 ||     5
   Stab: Sleeping          |     1 |     3 |     1 ||     5
         Distracted        |       |     1 |       ||     1
 Armour: Animal skin       |    19 |    87 |    69 ||   175
  Dodge: Dodged            |    21 |    69 |    34 ||   124

Table legend: (Time is in decaauts)
 A = Elapsed time spent in this place.
 B = Non-inter-level travel time spent in this place.
 C = Inter-level travel time spent in this place.
 D = Time resting spent in this place.
 E = Time spent auto-exploring this place.
 F = Levels seen in this place.
 G = Mean time per level.
                   A        B        C        D        E       F      G
               +--------+--------+--------+--------+--------+-----+--------+
         Total |   3639 |   3470 |    169 |     26 |   2717 |   6 |  606.5 |
       Dungeon |   3639 |   3470 |    169 |     26 |   2717 |   6 |  606.5 |
               +--------+--------+--------+--------+--------+-----+--------+

Top non-repeatable levels by time:
     D:2: 761 daAuts
     D:3: 761 daAuts
     D:6: 690 daAuts
     D:5: 513 daAuts
     D:1: 465 daAuts
     D:4: 447 daAuts
